TOP OF THE 1ST |
Jackson Generals batting - Pitching for Midland RockHounds : RHP Tom Coates
|
Pitching: RHP Tom Coates
|
|
Batting: RHB Kikuo Sato
|
0-0: Ball 1-0: DOUBLE (Line Drive, 89D, EV 110.0 MPH)
|
Batting: SHB Jose Castillo
|
0-0: Foul Ball, location: 2F 0-1: Ball 1-1: Ball 2-1: Swinging Strike 2-2: Strikes out looking
|
Batting: RHB Harutomi Matsubara
|
0-0: Ball 1-0: Ground out 6-3 (Groundball, 6, EV 87.5 MPH) Kikuo Sato to third
|
Batting: LHB William Warren
|
0-0: Ball 1-0: Foul Ball, location: 2F 1-1: Swinging Strike 1-2: Foul Ball, location: 2F 1-2: Strikes out looking
|
Top of the 1st over - 0 runs, 1 hit, 0 errors, 1 left on base; Jackson 0 - Midland 0 |
BOTTOM OF THE 1ST |
Midland RockHounds batting - Pitching for Jackson Generals : RHP Dwain Ashford
|
Pitching: RHP Dwain Ashford
|
|
Batting: RHB Willie de los Santos
|
0-0: Ball 1-0: Called Strike 1-1: Ball 2-1: Called Strike 2-2: Fly out, F7 (Flyball, 7LM, EV 95.0 MPH)
|
Batting: RHB Mario Ramos
|
0-0: Called Strike 0-1: Ball 1-1: Called Strike 1-2: SINGLE (Groundball, 56D, EV 101.2 MPH)
|
Batting: LHB Chance Stever
|
0-0: Ball 1-0: Called Strike 1-1: Ball 2-1: Ball 3-1: 2-RUN HOME RUN (Flyball, 89XD, EV 105.0 MPH), Distance : 390 ft
|
Batting: LHB Tom Raupp
|
0-0: Called Strike 0-1: Ball 1-1: Ball 2-1: Foul Ball, location: 2F 2-2: Foul Ball, location: 2F 2-2: Foul Ball, location: 2F 2-2: Ball 3-2: Strikes out looking
|
Batting: RHB Chris Montgomery
|
0-0: Ball 1-0: Called Strike 1-1: Ball 2-1: Swinging Strike 2-2: Ball 3-2: Ground out 1-3 (Groundball, 15, EV 68.8 MPH)
|
Bottom of the 1st over - 2 runs, 2 hits, 0 errors, 0 left on base; Jackson 0 - Midland 2 |
TOP OF THE 2ND |
Jackson Generals batting - Pitching for Midland RockHounds : RHP Tom Coates
|
Batting: RHB Robby Cuellar
|
0-0: Ground out 6-3 (Groundball, 6, EV 84.4 MPH)
|
Batting: RHB Hideo Okimura
|
0-0: Fly out, F8 (Flyball, 8RM, EV 86.9 MPH)
|
Batting: LHB Justin Long
|
0-0: Ball 1-0: Foul Ball, location: 2F 1-1: Ball 2-1: Foul Ball, location: 2F 2-2: Ball 3-2: Ground out 6-3 (Groundball, 6, EV 77.5 MPH)
|
Top of the 2nd over - 0 runs, 0 hits, 0 errors, 0 left on base; Jackson 0 - Midland 2 |
BOTTOM OF THE 2ND |
Midland RockHounds batting - Pitching for Jackson Generals : RHP Dwain Ashford
|
Batting: SHB Quincy Bradford
|
0-0: Foul Ball, location: 2F 0-1: Ball 1-1: Ball 2-1: Ball 3-1: Foul Ball, location: 2F 3-2: Foul Ball, location: 2F 3-2: Fly out, F7 (Line Drive, 7, EV 97.5 MPH)
|
Batting: RHB Bastiaan Leenders
|
0-0: Called Strike 0-1: Foul Ball, location: 2F 0-2: Ball 1-2: Strikes out swinging
|
Batting: RHB D.J. Torres
|
0-0: Called Strike 0-1: Ball 1-1: SINGLE (Groundball, 34D, EV 105.0 MPH)
|
Batting: RHB Edgar Landim
|
0-0: Ball 1-0: Called Strike 1-1: Fielders Choice at 2nd, U4 (Groundball, 4M, EV 99.4 MPH)
|
Bottom of the 2nd over - 0 runs, 1 hit, 0 errors, 1 left on base; Jackson 0 - Midland 2 |
TOP OF THE 3RD |
Jackson Generals batting - Pitching for Midland RockHounds : RHP Tom Coates
|
Batting: RHB Clay Statum
|
0-0: Ball 1-0: Ball 2-0: Called Strike 2-1: Swinging Strike 2-2: SINGLE (Groundball, 34D, EV 93.8 MPH)
|
Batting: SHB Detlef Oursler
|
0-0: Foul Ball, location: 2F 0-1: Ball 1-1: Foul Ball, location: 2F 1-2: Fielders Choice at 2nd, 6-4 (Groundball, 6M, EV 86.9 MPH)
|
Batting: RHB Kikuo Sato
|
0-0: Ball Detlef Oursler is caught stealing 2nd base 2-4 1-0: Called Strike 1-1: SINGLE (Flyball, 6D, EV 91.2 MPH)
|
Batting: SHB Jose Castillo
|
0-0: Called Strike Kikuo Sato steals 2nd base 0-1: Foul Ball, location: 2F 0-2: Foul Ball, location: 2F 0-2: Fly out, F7 (Flyball, 7, EV 87.5 MPH)
|
Top of the 3rd over - 0 runs, 2 hits, 0 errors, 1 left on base; Jackson 0 - Midland 2 |
BOTTOM OF THE 3RD |
Midland RockHounds batting - Pitching for Jackson Generals : RHP Dwain Ashford
|
Batting: RHB Willie de los Santos
|
0-0: Swinging Strike 0-1: Foul Ball, location: 2F 0-2: Fly out, F6 (Popup, 6MS, EV 75.6 MPH)
|
Batting: RHB Mario Ramos
|
0-0: Ball 1-0: Foul Ball, location: 2F 1-1: Ball 2-1: SINGLE (Line Drive, 89M, EV 100.6 MPH)
|
Batting: LHB Chance Stever
|
0-0: Foul Ball, location: 2F 0-1: Called Strike 0-2: Strikes out swinging
|
Batting: LHB Tom Raupp
|
0-0: Called Strike 0-1: Fly out, F9 (Line Drive, 9D, EV 103.1 MPH)
|
Bottom of the 3rd over - 0 runs, 1 hit, 0 errors, 1 left on base; Jackson 0 - Midland 2 |
TOP OF THE 4TH |
Jackson Generals batting - Pitching for Midland RockHounds : RHP Tom Coates
|
Batting: RHB Harutomi Matsubara
|
0-0: SOLO HOME RUN (Flyball, 7LD, EV 95.6 MPH), Distance : 344 ft
|
Batting: LHB William Warren
|
0-0: Ball 1-0: Called Strike 1-1: Called Strike 1-2: Fly out, F8 (Flyball, 8LXD, EV 103.8 MPH)
|
Batting: RHB Robby Cuellar
|
0-0: Swinging Strike 0-1: Ball 1-1: Ground out 4-3 (Groundball, 4M, EV 105.6 MPH)
|
Batting: RHB Hideo Okimura
|
0-0: Ball 1-0: Ball 2-0: Ground out 6-3 (Groundball, P, EV 92.5 MPH)
|
Top of the 4th over - 1 run, 1 hit, 0 errors, 0 left on base; Jackson 1 - Midland 2 |
BOTTOM OF THE 4TH |
Midland RockHounds batting - Pitching for Jackson Generals : RHP Dwain Ashford
|
Batting: RHB Chris Montgomery
|
0-0: Ball 1-0: Foul Ball, location: 2F 1-1: Swinging Strike 1-2: Strikes out swinging
|
Batting: SHB Quincy Bradford
|
0-0: Foul Ball, location: 2F 0-1: Bunted foul 0-2: SINGLE (Groundball, 5S, EV 65.0 MPH) (infield hit)
|
Batting: RHB Bastiaan Leenders
|
0-0: Ball Quincy Bradford steals 2nd base (no throw) 1-0: Called Strike Quincy Bradford steals 3rd base 1-1: Ball 2-1: Foul Ball, location: 2F 2-2: Ball 3-2: Strikes out swinging
|
Batting: RHB D.J. Torres
|
0-0: Called Strike 0-1: Ball 1-1: Called Strike 1-2: Ball 2-2: Strikes out swinging
|
Bottom of the 4th over - 0 runs, 1 hit, 0 errors, 1 left on base; Jackson 1 - Midland 2 |
TOP OF THE 5TH |
Jackson Generals batting - Pitching for Midland RockHounds : RHP Tom Coates
|
Batting: LHB Justin Long
|
0-0: Ball 1-0: Foul Ball, location: 2F 1-1: Foul Ball, location: 2F 1-2: Ball 2-2: Foul Ball, location: 2F 2-2: Ball 3-2: Foul Ball, location: 2F 3-2: Strikes out swinging
|
Batting: RHB Clay Statum
|
0-0: Called Strike 0-1: Ball 1-1: Fly out, F9 (Flyball, 9D, EV 85.6 MPH)
|
Batting: SHB Detlef Oursler
|
0-0: Ball 1-0: Foul Ball, location: 2F 1-1: Foul Ball, location: 2F 1-2: Foul Ball, location: 2F 1-2: SINGLE (Groundball, 34S, EV 74.4 MPH) (infield hit)
|
Batting: RHB Kikuo Sato
|
0-0: Called Strike 0-1: Ball Detlef Oursler is caught stealing 2nd base 2-4
|
Top of the 5th over - 0 runs, 1 hit, 0 errors, 0 left on base; Jackson 1 - Midland 2 |
BOTTOM OF THE 5TH |
Midland RockHounds batting - Pitching for Jackson Generals : RHP Dwain Ashford
|
Batting: RHB Edgar Landim
|
0-0: Foul Ball, location: 2F 0-1: Fly out, F7 (Flyball, 7, EV 82.5 MPH)
|
Batting: RHB Willie de los Santos
|
0-0: Called Strike 0-1: Foul Ball, location: 2F 0-2: Ball 1-2: Ball 2-2: Foul Ball, location: 2F 2-2: Foul Ball, location: 2F 2-2: Ball 3-2: SINGLE (Groundball, 5D, EV 95.6 MPH)
|
Batting: RHB Mario Ramos
|
0-0: Called Strike 0-1: Ball Willie de los Santos steals 2nd, throwing error, E2 Willie de los Santos to third Squeeze bunt is on, Willie de los Santos is out 1-2: Fly out, F6 (Popup, 6MD, EV 41.2 MPH)
|
Bottom of the 5th over - 0 runs, 1 hit, 1 error, 0 left on base; Jackson 1 - Midland 2 |
TOP OF THE 6TH |
Jackson Generals batting - Pitching for Midland RockHounds : RHP Tom Coates
|
Pitching: RHP Roberto Montoya
|
|
Batting: RHB Kikuo Sato
|
0-0: Ball 1-0: Swinging Strike 1-1: Swinging Strike 1-2: Strikes out swinging
|
Batting: SHB Jose Castillo
|
0-0: Swinging Strike 0-1: Swinging Strike 0-2: Ground out 4-3 (Groundball, 4, EV 85.0 MPH)
|
Batting: RHB Harutomi Matsubara
|
0-0: Foul Ball, location: 2F 0-1: Swinging Strike 0-2: DOUBLE (Line Drive, 9LS, EV 90.0 MPH)
|
Batting: LHB William Warren
|
0-0: Ball 1-0: Foul Ball, location: 2F 1-1: Foul Ball, location: 2F 1-2: Ground out 4-3 (Groundball, 4, EV 87.5 MPH)
|
Top of the 6th over - 0 runs, 1 hit, 0 errors, 1 left on base; Jackson 1 - Midland 2 |
BOTTOM OF THE 6TH |
Midland RockHounds batting - Pitching for Jackson Generals : RHP Dwain Ashford
|
Pitching: LHP Matt Lee
|
|
Batting: LHB Chance Stever
|
0-0: Called Strike 0-1: Ball 1-1: Swinging Strike 1-2: Ball 2-2: Foul Ball, location: 2F 2-2: Foul Ball, location: 2F 2-2: Foul Ball, location: 2F 2-2: Ball 3-2: Foul Ball, location: 2F 3-2: Strikes out swinging
|
Batting: LHB Tom Raupp
|
0-0: Ball 1-0: Foul Ball, location: 2F 1-1: SINGLE (Flyball, 7LS, EV 95.6 MPH)
|
Batting: RHB Chris Montgomery
|
0-0: Ball 1-0: Foul Ball, location: 2F 1-1: Ball 2-1: Ball 3-1: Called Strike 3-2: Grounds into double play, 6-4-3 (Groundball, 6S, EV 83.8 MPH)
|
Bottom of the 6th over - 0 runs, 1 hit, 0 errors, 0 left on base; Jackson 1 - Midland 2 |
TOP OF THE 7TH |
Jackson Generals batting - Pitching for Midland RockHounds : RHP Roberto Montoya
|
Pitching: RHP Tony Botello
|
|
Batting: RHB Robby Cuellar
|
0-0: Ball 1-0: Swinging Strike 1-1: Foul Ball, location: 2F 1-2: Foul Ball, location: 2F 1-2: Foul Ball, location: 2F 1-2: Foul Ball, location: 2F 1-2: Ball 2-2: Ground out 4-3 (Groundball, 4M, EV 98.8 MPH)
|
Batting: RHB Hideo Okimura
|
0-0: Called Strike 0-1: Ball 1-1: Called Strike 1-2: Foul Ball, location: 2F 1-2: Foul Ball, location: 2F 1-2: Strikes out swinging
|
Batting: LHB Justin Long
|
0-0: Ball 1-0: Ball 2-0: Foul Ball, location: 2F 2-1: Foul Ball, location: 2F 2-2: Ball 3-2: Foul Ball, location: 2F 3-2: Base on Balls
|
Batting: RHB Clay Statum
|
0-0: Called Strike 0-1: Called Strike 0-2: Strikes out swinging
|
Top of the 7th over - 0 runs, 0 hits, 0 errors, 1 left on base; Jackson 1 - Midland 2 |
BOTTOM OF THE 7TH |
Midland RockHounds batting - Pitching for Jackson Generals : LHP Matt Lee
|
Pitching: RHP Trevor Jacobsen
|
|
Batting: SHB Quincy Bradford
|
0-0: Ball 1-0: Ball 2-0: Ball 3-0: Base on Balls
|
Batting: RHB Bastiaan Leenders
|
0-0: Ball Wild Pitch! Quincy Bradford to second 1-0: Foul Ball, location: 2F 1-1: Fly out, F8 (Flyball, 8LD, EV 99.4 MPH)
|
Batting: RHB D.J. Torres
|
0-0: Ball 1-0: Called Strike 1-1: Ball 2-1: Foul Ball, location: 2F 2-2: Strikes out swinging
|
Batting: RHB Edgar Landim
|
0-0: Ball 1-0: Called Strike 1-1: Swinging Strike 1-2: Fly out, F7 (Flyball, 7LM, EV 105.6 MPH)
|
Bottom of the 7th over - 0 runs, 0 hits, 0 errors, 1 left on base; Jackson 1 - Midland 2 |
TOP OF THE 8TH |
Jackson Generals batting - Pitching for Midland RockHounds : RHP Tony Botello
|
Pitching: LHP Jin-ho Koo
|
|
Batting: SHB Detlef Oursler
|
0-0: Called Strike 0-1: Ball 1-1: Fly out, F7 (Flyball, 7, EV 89.4 MPH)
|
Batting: RHB Kikuo Sato
|
0-0: Called Strike 0-1: Ball 1-1: Called Strike 1-2: Ball 2-2: Ball 3-2: Base on Balls
|
Batting: SHB Jose Castillo
|
0-0: Foul Ball, location: 2F 0-1: Ball 1-1: Called Strike 1-2: Ball 2-2: Grounds into double play, 6-4-3 (Groundball, 6, EV 80.0 MPH)
|
Top of the 8th over - 0 runs, 0 hits, 0 errors, 0 left on base; Jackson 1 - Midland 2 |
BOTTOM OF THE 8TH |
Midland RockHounds batting - Pitching for Jackson Generals : RHP Trevor Jacobsen
|
Pitching: RHP Jason Childress
|
|
Batting: RHB Willie de los Santos
|
0-0: Ground out 5-3 (Groundball, 5S, EV 85.6 MPH)
|
Batting: RHB Mario Ramos
|
0-0: Called Strike 0-1: Ball 1-1: Foul Ball, location: 2F 1-2: Ground out 3-1 (Groundball, 34, EV 85.0 MPH)
|
Batting: LHB Chance Stever
|
0-0: SINGLE (Groundball, 56D, EV 106.2 MPH)
|
Batting: LHB Tom Raupp
|
0-0: Ground out 6-3 (Groundball, P, EV 82.5 MPH)
|
Bottom of the 8th over - 0 runs, 1 hit, 0 errors, 1 left on base; Jackson 1 - Midland 2 |
TOP OF THE 9TH |
Jackson Generals batting - Pitching for Midland RockHounds : LHP Jin-ho Koo
|
Pitching: RHP Emilio Gonzalez
|
|
Batting: RHB Harutomi Matsubara
|
0-0: Ground out 4-3 (Groundball, 4, EV 99.4 MPH)
|
Batting: LHB William Warren
|
0-0: Ball 1-0: Called Strike 1-1: Foul Ball, location: 2F 1-2: Fly out, F8 (Flyball, 89XD, EV 105.6 MPH)
|
Batting: RHB Robby Cuellar
|
0-0: Ball 1-0: Ball 2-0: Ball 3-0: Called Strike 3-1: Base on Balls
|
Batting: RHB Hideo Okimura
|
0-0: Called Strike 0-1: Ball 1-1: Ball 2-1: Fielders Choice at 2nd, 6-4 (Groundball, 6, EV 97.5 MPH)
|
Top of the 9th over - 0 runs, 0 hits, 0 errors, 1 left on base; Jackson 1 - Midland 2 |
|